 Dungeon Crawl Stone Soup version 0.29.1-12-g30fa7ad0bf (webtiles) character file.

Game seed: 16481891408144342896

487 hawla the Firebug (level 7, -1/50 HPs)
             Began as a Meteoran Fire Elementalist on Dec 25, 2022.
             Slain by a black bear (4 damage)
             ... on level 6 of the Dungeon.
             The game lasted 00:09:50 (1154 turns).

hawla the Firebug (Meteoran Fire Elementalist)      Turns: 1154, Time: 00:09:50

Health: -1/50      AC:  2    Str:  9    XL:     7   Next: 63%
Magic:  0/15       EV: 13    Int: 19    God:
Gold:   47         SH:  0    Dex: 15    Spells: 8/15 levels left

rFire   . . .      SeeInvis .   (no weapon)
rCold   . . .      Faith    .   (no shield)
rNeg    . . .      Spirit   .   a - +0 robe
rPois   .          Reflect  .   (no helmet)
rElec   .          Harm     .   (no cloak)
rCorr   .          Rampage  .   (no gloves)
Will    .....                   (no boots)
Stlth   +.........              (no amulet)
HPRegen 0.16/turn               (no ring)
MPRegen 0.14/turn               (no ring)

@: mighty, glowing
A: sense surroundings 1, otherworldly, glowing, explore regen
a: no special abilities


You were on level 6 of the Dungeon.
You visited 2 branches of the dungeon, and saw 7 of its levels.
You also visited: Ossuary.

You collected 47 gold pieces.

Inventory:

Armour
 a - a +0 robe (worn)
Jewellery
 b - a +4 ring of evasion
 d - an amulet of the acrobat
Scrolls
 g - a scroll of identify


   Skills:
 + Level 0.2 Fighting
 + Level 3.0 Dodging
 - Level 1.4 Stealth
 + Level 4.6 Spellcasting
 + Level 5.4 Conjurations
 + Level 6.3 Fire Magic


You had 8 spell levels left.
You knew the following spells:

 Your Spells              Type           Power      Damage    Failure   Level
a - Foxfire               Conj/Fire      100%       2x1d9     1%          1
b - Scorch                Fire           56%        2d8       1%          2
c - Flame Wave            Conj/Fire      26%        2d8       11%         4

Your spell library contained the following spells:

 Spells                   Type           Power      Damage    Failure   Level
 Conjure Flame            Conj/Fire      26%        6-21      3%          3
 Inner Flame              Hex/Fire       16%        N/A       11%         3


Dungeon Overview and Level Annotations

Branches:
Dungeon (6/15) Zot: 2694   Temple (1/1) D:4 Zot: 382 Ossuary (visited)

Altars:
Ashenzari
Elyvilon
Fedhas
Makhleb
Okawaru
Qazlal
Trog
Wu Jian
Xom
Zin


Innate Abilities, Weirdness & Mutations

You passively map a small area around you.
You are easily found by Zot.
You glow in the dark.
You regain HP and MP as you explore.


Message History

The orc priest is severely wounded.
You hear a shout!
Unknown command.
A wave of flame ripples out!
The flame wave engulfs the orc priest!
You kill the orc priest!
The flame wave engulfs the black bear.
The black bear is lightly wounded.
You finish channelling waves of flame.
Unknown command.
Okay, then.
You feel mightier all of a sudden.
The gnoll bouda barks out a call to the hunt!
The gnoll picks up the pace!
The black bear bites you! The black bear claws you.
* * * LOW HITPOINT WARNING * * *
The black bear completely misses you.
You punch the black bear!
The black bear is heavily wounded.
The black bear bites you.
* * * LOW HITPOINT WARNING * * *
The black bear barely misses you. The black bear claws you.
* * * LOW HITPOINT WARNING * * *
You hit the black bear.
The black bear is heavily wounded.
A gnoll comes into view. It is wielding a +0 club.
The black bear misses you. The black bear completely misses you.
The black bear closely misses you.
You closely miss the black bear.
The black bear is heavily wounded.
The black bear bites you.
* * * LOW HITPOINT WARNING * * *
The black bear claws you.
* * * LOW HITPOINT WARNING * * *
The black bear claws you but does no damage.
Casting: Flame Wave (dangerous; 11% risk of failure)
Confirm with . or Enter, or press ? or * to list all spells.
Flames lash the gnoll.
You kill the gnoll!
The black bear barely misses you. The black bear claws you.
You die...

* ### * ### # #.# *
##.##. #.# *,# * ##....
#@# .# * ##....#*
##h###..# * .##.....###
#.g.....## ,
..........#####........#
........#...##..g####...
, , ......<####......#
.., ..#....# ##..#..# ,
, , .*##...# #.###).#
#.... #.# #..)..


You could see a black bear, a gnoll bouda and a gnoll (swift).

Vanquished Creatures
  A black bear (D:4)
  A scorpion (D:5)
  A centaur zombie (Ossuary)
  2 jellies (D:4)
  A hound (D:4)
  An orc priest (D:6)
  An iguana (D:4)
  3 mummies (Ossuary)
  4 gnolls
  3 adders
  A white imp (D:5)
  A worm (D:4)
  12 orcs
  3 endoplasms
  A giant cockroach (D:4)
  A goblin (D:4)
  6 hobgoblins
  8 kobolds
  5 quokkas
  4 ball pythons
  2 bats (D:1)
  3 frilled lizards (D:1)
65 creatures vanquished.

Vanquished Creatures (others)
  95 foxfires
  2 withered plants (Ossuary)
97 creatures vanquished.

Grand Total: 162 creatures vanquished

Notes
Turn   | Place    | Note
-------+----------+-------------------------------------------
     0 | D:1      | hawla the Meteoran Fire Elementalist began the quest for
                  | the Orb.
     0 | D:1      | Reached XP level 1. HP: 14/14 MP: 5/5
    77 | D:1      | Reached skill level 4 in Fire Magic
    77 | D:1      | Reached XP level 2. HP: 8/20 MP: 0/6
   300 | D:3      | Reached XP level 3. HP: 23/26 MP: 5/8
   307 | D:3      | Learned a level 2 spell: Scorch
   441 | D:4      | Reached XP level 4. HP: 13/33 MP: 3/9
   551 | D:4      | Reached skill level 5 in Fire Magic
   567 | D:4      | Reached XP level 5. HP: 25/38 MP: 0/12
   580 | D:4      | Noticed a black bear
   603 | D:4      | Learned a level 4 spell: Flame Wave
   627 | D:4      | Killed a black bear
   628 | D:4      | Reached XP level 6. HP: 17/45 MP: 2/13
   634 | D:4      | Found a staircase to the Ecumenical Temple.
   645 | Temple   | Entered the Ecumenical Temple
   956 | D:5      | Entered Level 5 of the Dungeon
   960 | D:5      | Reached skill level 5 in Conjurations
   962 | D:5      | Reached XP level 7. HP: 50/50 MP: 7/14
  1052 | D:5      | Found a sand-covered staircase.
  1076 | Ossuary  | Entered an ossuary
  1104 | Ossuary  | Reached skill level 6 in Fire Magic
  1154 | D:6      | Slain by a black bear

Illustrated notes

Levels and vault maps discovered:
D:1:      matt_arrival_los_fun, layout_rooms, roderic_serpentine_path
D:2:      layout_loops_ring, serial_shops, shop_fountains,
          minmay_misc_feat_tower, uniq_terence
D:3:      layout_rooms, mainiacjoe_overflow_small_starburst,
          hellmonk_ecumenical_altar_blasted, uniq_jessica
D:4:      minmay_octagon_keep, layout_loops_cross, minmay_temple_entry_ruins,
          minmay_misc_feat_five, nicolae_concentric_dashed_squares_wild
D:5:      minmay_razor_zed, layout_basic, nicolae_ossuary_entry_monument,
          minmay_stone_trees_small
D:6:      layout_layer_cave, riverfiend_overflow_shadow_ancestor,
          lemuel_coloured_pillars_altar, nicolae_vehumet_altar_sigil,
          serial_shops, shop_fountains, uniq_sigmund, uniq_grinder
Temple:   dpeg_chambers_temple

Skill      XL: |  1  2  3  4  5  6  7 |
---------------+----------------------+-----
Fire Magic     | 4 5 6 |  6.3
Spellcasting   | 3 4 |  4.6
Conjurations   | 3 5 |  5.4
Dodging        | 3 |  3.0
Fighting       | |  0.2
Stealth        | |  1.4

Action                   |  1- 3 |  4- 6 |  7- 9 || total
-------------------------+-------+-------+-------++-------
Melee: Unarmed           |    12 |     6 |     8 ||    26
 Cast: Foxfire           |    31 |    22 |     3 ||    56
       Scorch            |     9 |    15 |     3 ||    27
       Flame Wave        |       |       |     8 ||     8
  Use: Potion            |     1 |     3 |     2 ||     6
       Scroll            |       |     2 |     1 ||     3
Armor: Robe              |    10 |       |     2 ||    12
Dodge: Dodged            |    25 |     7 |    19 ||    51
